 Dungeon Sprint DCSS version 0.31.0-32-g396128a36d (webtiles) character file.

Game seed: 6722285981242243519

1855 Groucho the Geomancer (level 8, -2/46 HPs)
             Began as a Deep Elf Earth Elementalist on Mar 17, 2024.
             Was a High Priest of Sif Muna.
             Collided with a metal wall (20 damage)
             ... after being knocked back by a deep elf knight
             ... in the Dungeon (Sprint VII: "The Pits").
             The game lasted 00:07:46 (1666 turns).

Groucho the Geomancer (Deep Elf Earth Elementalist) Turns: 1666, Time: 00:07:46

Health: -2/46      AC:  2    Str:  5    XL:     8   Next: 89%
Magic:  6/24       EV: 14    Int: 23    God:    Sif Muna [*****.]
Gold:   0          SH:  0    Dex: 15    Spells: 8/27 levels left

rFire   . . .        h - +2 dagger
rCold   . . .        (no shield)
rNeg    . . .        a - +0 robe
rPois   .            (no helmet)
rElec   .            (no cloak)
rCorr   .            (no gloves)
SInv    .            (no boots)
Will    .....        (no amulet)
Stlth   +++          (no ring)
HPRegen 0.27/turn    (no ring)
MPRegen 0.19/turn

%: no teleportation
@: no status effects
A: no striking features
a: Renounce Religion, Channel Magic, Forget Spell, Divine Exegesis


You were in the Dungeon.
You worshipped Sif Muna.
Sif Muna was extremely pleased with you.
You visited 1 branch

Inventory:

Hand Weapons
 h - a +2 dagger (weapon)
Armour
 a - a +0 robe (worn)
Scrolls
 g - a scroll of blinking
 j - 2 scrolls of vulnerability
 k - 5 scrolls of amnesia
 l - a scroll of summoning
Potions
 b - 5 potions of magic
 c - 5 potions of curing
 d - 4 potions of heal wounds
 e - a potion of haste
 f - 3 potions of berserk rage
 i - 2 potions of invisibility


   Skills:
 - Level 3.0 Fighting
 + Level 3.8 Short Blades
 - Level 5.0 Dodging
 + Level 5.8 Stealth
 + Level 10.0 Spellcasting
 * Level 11.6 Conjurations
 * Level 12.0 Earth Magic
 + Level 4.2 Alchemy
 + Level 7.5 Invocations


You had 8 spell levels left.
You knew the following spells:

 Your Spells              Type           Power      Damage    Failure   Level
a - Sandblast             Erth           100%       2d20      1%          1
b - Stone Arrow           Conj/Erth      100%       3d13      1%          3
c - Petrify               Alch/Erth      49%        N/A       1%          4
d - Lee's Rapid Deconstr  Erth           30%        3d16*     1%          5
e - Bombard               Conj/Erth      30%        9d5       7%          6

Your spell library contained the following spells:

 Spells                   Type           Power      Damage    Failure   Level
 Kiss of Death            Conj/Necr      100%       2d13      1%          1
 Passwall                 Erth           61%        N/A       1%          3
 Brom's Barrelling Bould  Conj/Erth      60%        2d8       1%          4
 Animate Armour           Summ/Erth      78%        N/A       4%          4
 Ensorcelled Hibernation  Hex/Ice        22%        N/A       9%          2
 Swiftness                Air            11%        N/A       17%         3
 Dispel Undead            Necr           11%        3d9       50%         4
 Death's Door             Necr           5%         N/A       100%        9
 Shatter                  Erth           30%        3d25*     100%        9


Dungeon Overview and Level Annotations

Branches:
Dungeon (1/1)

Altars:
Ashenzari
Cheibriados
Dithmenos
Elyvilon
Fedhas
Gozag
Hepliaklqana
Kikubaaqudgha
Makhleb
Nemelex Xobeh
Okawaru
Qazlal
Ru
Sif Muna
Trog
Uskayaw
Vehumet
Wu Jian
Xom
Yredelemnul
Zin
The Shining One
Jiyva
Lugonu


Message History

Your Dodging skill increases to level 5!
Your Stealth skill increases to level 5!
Your Spellcasting skill increases to level 10!
Your Earth Magic skill increases to level 12!
Your Alchemy skill increases to level 4!
A deep elf knight comes into view. It is wielding a +0 long sword.
Things that are here:
a +0 short sword; a +0 longbow; an elf corpse
Things that are here:
a +0 short sword; a +0 longbow; an elf corpse You start resting.
A deep elf knight is nearby!
A deep elf knight is nearby!
The deep elf knight shouts!
The deep elf knight gestures at you while chanting.
The shard of ice hits you!!
You feel much better.
The deep elf knight gestures at you while chanting.
The lance of force misses you.
Things that are here:
a +0 short sword; a +0 longbow; an elf corpse
Aiming: Stone Arrow (safe; 1% risk of failure)
Press: ? - help, Q - select action, (/) - cycle Shift-Dir - straight line, f - deep elf knight
Aim: a deep elf knight, wielding a +0 long sword and wearing a +0 chain mail (63% to hit)
The stone arrow misses the deep elf knight.
The deep elf knight unwields a +0 long sword.
The deep elf knight wields a +0 longbow.
The deep elf knight shoots an arrow.
The arrow completely misses you.
Unknown command.
Aiming: Stone Arrow (safe; 1% risk of failure)
Press: ? - help, Q - select action, (/) - cycle Shift-Dir - straight line, f/p - deep elf knight
Aim: a deep elf knight, wielding a +0 longbow and wearing a +0 chain mail (63% to hit)
The stone arrow hits the deep elf knight!!
The deep elf knight is heavily wounded.
The deep elf knight casts a spell at you.
The lance of force hits you!!
Ouch! That really hurt!
You are knocked back by the lance of force.
You slam into the metal wall!
You die...

#.#.....#'###...<.
#.#........##.....
#.#........##.....
#'###########.....
#.รท.....#..
###### #)###)..#.#
####
#.#.....#.#.5..#
#.#...#.#'#..e.#
#@...)#.#.'...s+
#..)###.#'#
#...)e..'.#
###########


You could see a deep elf knight.

Vanquished Creatures
  A deep elf knight (D)
  A deep elf pyromancer (D)
  Pikel (D)
  A jumping spider (D)
  A lemure (D)
  A brain worm (D)
  A scorpion (D)
  A crimson imp (D)
  2 orc wizards (D)
  2 mummies (D)
  3 river rats (D)
  A white imp (D)
  2 ufetubi (D)
  4 orcs (D)
  3 giant cockroaches (D)
  A hobgoblin (D)
  4 jackals (D)
  A ball python (D)
  2 frilled lizards (D)
33 creatures vanquished.

Notes
Turn   | Place    | Note
-------+----------+-------------------------------------------
     0 | D        | Groucho the Deep Elf Earth Elementalist began the quest for
                  | the Orb.
     0 | D        | Reached XP level 1. HP: 10/10 MP: 6/6
   156 | D        | Found a glowing golden altar of the Shining One.
   156 | D        | Found a glowing silver altar of Zin.
   156 | D        | Found a basalt altar of Yredelemnul.
   156 | D        | Found a shimmering altar of Xom.
   156 | D        | Found an ornate altar of the Wu Jian Council.
   156 | D        | Found a bloodstained altar of Trog.
   156 | D        | Found a shimmering blue altar of Sif Muna.
   156 | D        | Found a sacrificial altar of Ru.
   156 | D        | Found a stormy altar of Qazlal.
   156 | D        | Found an iron altar of Okawaru.
   156 | D        | Found a sparkling altar of Nemelex Xobeh.
   156 | D        | Found a burning altar of Makhleb.
   156 | D        | Found a viscous altar of Jiyva.
   156 | D        | Found a hazy altar of Hepliaklqana.
   156 | D        | Found an opulent altar of Gozag.
   156 | D        | Found a blossoming altar of Fedhas.
   156 | D        | Found a white marble altar of Elyvilon.
   156 | D        | Found a shadowy altar of Dithmenos.
   156 | D        | Found a snail-covered altar of Cheibriados.
   157 | D        | Found a radiant altar of Vehumet.
   157 | D        | Found a corrupted altar of Lugonu.
   158 | D        | Found an ancient bone altar of Kikubaaqudgha.
   158 | D        | Found a hide-covered altar of Uskayaw.
   158 | D        | Found a broken altar of Ashenzari.
   159 | D        | Became a worshipper of Sif Muna the Loreminder
   375 | D        | Reached * piety under Sif Muna
   376 | D        | Reached skill level 4 in Earth Magic
   376 | D        | Reached XP level 2. HP: 12/15 MP: 5/9
   617 | D        | Reached ** piety under Sif Muna
   618 | D        | Reached skill level 5 in Earth Magic
   618 | D        | Reached skill level 1 in Invocations
   618 | D        | Reached XP level 3. HP: 19/19 MP: 8/11
   928 | D        | Noticed Pikel
   928 | D        | Noticed a lemure
   928 | D        | Noticed a lemure
   928 | D        | Noticed a lemure
   936 | D        | Killed a lemure
   938 | D        | Noticed a lemure
   939 | D        | Reached skill level 5 in Spellcasting
   939 | D        | Reached skill level 5 in Conjurations
   939 | D        | Reached skill level 6 in Earth Magic
   939 | D        | Reached *** piety under Sif Muna
   940 | D        | Reached XP level 4. HP: 24/24 MP: 8/13
   946 | D        | Killed Pikel
   947 | D        | Reached skill level 10 in Earth Magic
   947 | D        | Reached skill level 5 in Invocations
   947 | D        | Reached XP level 5. HP: 14/28 MP: 3/17
   947 | D        | Reached XP level 6. HP: 17/32 MP: 3/19
   952 | D        | Reached **** piety under Sif Muna
  1226 | D        | Learned a level 3 spell: Stone Arrow
  1231 | D        | Learned a level 4 spell: Petrify
  1248 | D        | Reached ***** piety under Sif Muna
  1254 | D        | Reached XP level 7. HP: 35/36 MP: 21/21
  1281 | D        | Noticed a jumping spider
  1284 | D        | Killed a jumping spider
  1284 | D        | Received a gift from Sif Muna
  1285 | D        | Reached skill level 1 in Fighting
  1285 | D        | Reached skill level 1 in Short Blades
  1285 | D        | Reached skill level 10 in Conjurations
  1285 | D        | Reached skill level 1 in Alchemy
  1583 | D        | Noticed a deep elf pyromancer
  1603 | D        | Killed a deep elf pyromancer
  1604 | D        | Reached skill level 11 in Earth Magic
  1604 | D        | Reached XP level 8. HP: 33/45 MP: 16/23
  1614 | D        | Received a gift from Sif Muna
  1615 | D        | Got Sif Muna's Volume of Unholy Scree {god gift}
  1622 | D        | Learned a level 5 spell: Lee's Rapid Deconstruction
  1629 | D        | Learned a level 6 spell: Bombard
  1635 | D        | Noticed a deep elf knight
  1644 | D        | Killed a deep elf knight
  1645 | D        | Reached skill level 5 in Dodging
  1645 | D        | Reached skill level 5 in Stealth
  1645 | D        | Reached skill level 10 in Spellcasting
  1645 | D        | Reached skill level 12 in Earth Magic
  1645 | D        | Noticed a deep elf knight
  1666 | D        | Collided with a metal wall

Illustrated notes

Levels and vault maps discovered:
D:        pitsprint [storerooms_1, entrance_room_1, metal_vault_8, armoury_2,
          mini_pit_1, grid_room_1, main_hall_1, silver_pit, the_coven_1,
          the_vestibule_1, steel_vault_2, golden_pit, hallway_of_sentries,
          crystal_vault_2, iron_vault_1, final_vault]

Skill      XL: |  1  2  3  4  5  6  7  8 |
---------------+-------------------------+-----
Conjurations   | 3 4 5 9 10 11 | 11.6
Spellcasting   | 4 5 8 9 10 | 10.0
Earth Magic    | 4 5 6 10 11 12 | 12.0
Invocations    | 1 2 5 6 7 |  7.5
Fighting       | 2 3 |  3.0
Short Blades   | 2 3 |  3.8
Dodging        | 4 5 |  5.0
Stealth        | 4 5 |  5.8
Alchemy        | 3 4 |  4.2

Action                     |  1- 3 |  4- 6 |  7- 9 || total
---------------------------+-------+-------+-------++-------
  Melee: Dagger            |     1 |       |     1 ||     2
   Cast: Sandblast         |    25 |    13 |       ||    38
         Stone Arrow       |       |     5 |    17 ||    22
 Invoke: Channel Magic     |       |     2 |       ||     2
    Use: Potion            |     1 |     1 |     1 ||     3
 Armour: Robe              |    10 |     7 |     8 ||    25
  Dodge: Dodged            |    13 |    10 |     3 ||    26
